AoeStats
← meditator27

Arena

504353424Analyzed
4v4 RM · 27d ago on Sep 5, 2026· 10m 5s· 8 players
Game mode
Random Map
Map size
Large (8 player)
Population
200
Speed
Normal
Resources
Standard
Victory
Conquest
Starting age
Dark Age
Ending age
Imperial Age
RankedLock teamsTeams togetherTeam positionsShared explorationLock speedFull tech treeHidden civsTurbo modeCheats
Victory
Defeat
🇹🇼 Persians · Taiwan
1185
+14
🇲🇽 Japanese · Mexico
1114
+17
🇹🇼 Lithuanians · Taiwan
1113
+17
🇲🇽 Aztecs · Mexico
1084
+18
🇺🇸 Bengalis · United States
1175
-19
🇨🇳 Slavs · China
1147
-17
🇺🇸 Bohemians · United States
1122
-16
🇺🇸 Cumans · United States
1068
-14
travis
BIG Q
10:10 Feudal Age
AxingQuestions
5:07 Loom
11:12 Feudal Age
MyGO.Soyo
McLain40
11:46 Feudal Age
Sacrilegious
12:03 Feudal Age
meditator27
10:16 Feudal Age
Garfield
9:37 Feudal Age
9:45 Loom
Connection lost

Rejoining the realm…

Still unreachable

The connection could not be restored.

Session expired

The server has moved on; the page needs a fresh start.